MWL (24 & UNDER)
COLUMBIA 08S @ LEE'S SUMMIT TIGERS
04/17/2023
 
TOP OF THE 1ST
Columbia 08s batting - Pitching for Lee's Summit Tigers : LHP Anthony Erickson
Pitching: LHP Anthony Erickson
Batting: RHB Luis Maldonado 0-0: Swinging Strike
0-1: Swinging Strike
0-2: Ball
1-2: Ball
2-2: Foul Ball, location: 2F
2-2: Strikes out swinging
Batting: RHB Vic Langlois 0-0: Called Strike
0-1: Ball
1-1: Foul Ball, location: 2F
1-2: Strikes out swinging
Batting: RHB Ryosei Yamamoto 0-0: Ground out 4-3 (Groundball, 4M)
Top of the 1st over - 0 run(s), 0 hit(s), 0 error(s), 0 left on base; Columbia 0 - Lee's Summit 0
BOTTOM OF THE 1ST
Lee's Summit Tigers batting - Pitching for Columbia 08s : LHP Mike Stevens
Pitching: LHP Mike Stevens
Batting: RHB Norberto Taváres 0-0: Ball
1-0: Fly out, F3 (Popup, 3DF)
Batting: LHB Cipriano Cruz 0-0: SINGLE (Popup, 4D)
Batting: RHB Andrés Lara 0-0: Ball
1-0: Called Strike
1-1: Foul Ball, location: 2F
1-2: Strikes out swinging
Batting: SHB Martín Medina 0-0: SINGLE (Flyball, 9LS)
Cipriano Cruz to second
Runner from 2nd tries for 3rd, OUT!
Bottom of the 1st over - 0 run(s), 2 hit(s), 0 error(s), 1 left on base; Columbia 0 - Lee's Summit 0
TOP OF THE 2ND
Columbia 08s batting - Pitching for Lee's Summit Tigers : LHP Anthony Erickson
Batting: RHB Ichizo Akiyama 0-0: Foul Ball, location: 2F
0-1: SINGLE (Flyball, 7LS)
Batting: LHB José Costa 0-0: Ball
1-0: Ball
2-0: Foul Ball, location: 2F
2-1: Ball
3-1: SINGLE (Groundball, 34) (infield hit)
Ichizo Akiyama to second
Batting: RHB Barton Frazier 0-0: Called Strike
0-1: Ball
1-1: Ball
2-1: Foul Ball, location: 2F
2-2: Foul Ball, location: 2F
2-2: Ball
3-2: Strikes out swinging
Batting: SHB Roberto Rivera 0-0: Ball
1-0: Called Strike
1-1: Ball
2-1: Foul Ball, location: 2F
2-2: Strikes out swinging
Batting: RHB Felipe Rodríguez 0-0: Hit by Pitch
Ichizo Akiyama to third
José Costa to second
Batting: LHB Brock Larsen 0-0: Called Strike
0-1: Called Strike
0-2: Ball
1-2: Strikes out swinging
Top of the 2nd over - 0 run(s), 2 hit(s), 0 error(s), 3 left on base; Columbia 0 - Lee's Summit 0
BOTTOM OF THE 2ND
Lee's Summit Tigers batting - Pitching for Columbia 08s : LHP Mike Stevens
Batting: RHB Ed Watkins 0-0: Ball
1-0: Ground out 6-3 (Groundball, 6)
Batting: LHB Juan Hinojosa 0-0: Foul Ball, location: 2F
0-1: Swinging Strike
0-2: Ball
1-2: Ball
2-2: SINGLE (Groundball, 4MD)
Batting: RHB Carlos Flores 0-0: Called Strike
0-1: Called Strike
Juan Hinojosa steals 2nd base
0-2: Ground out 6-3 (Groundball, 6M)
Juan Hinojosa to third
Batting: SHB Francisco Ávila 0-0: Called Strike
0-1: Foul Ball, location: 2F
0-2: Ball
1-2: Ground out 5-3 (Groundball, 5S)
Bottom of the 2nd over - 0 run(s), 1 hit(s), 0 error(s), 1 left on base; Columbia 0 - Lee's Summit 0
TOP OF THE 3RD
Columbia 08s batting - Pitching for Lee's Summit Tigers : LHP Anthony Erickson
Batting: RHB Luis Maldonado 0-0: Called Strike
0-1: Ball
1-1: Ball
2-1: SINGLE (Line Drive, 9S)
Batting: RHB Vic Langlois 0-0: Ball
1-0: Swinging Strike
1-1: SINGLE (Line Drive, 78M)
Luis Maldonado to second
Batting: RHB Ryosei Yamamoto 0-0: Ball
1-0: Ball
2-0: Ground out 5-3 (Groundball, 5S)
Luis Maldonado to third
Vic Langlois to second
Batting: RHB Ichizo Akiyama 0-0: Called Strike
0-1: Called Strike
0-2: Strikes out swinging
Batting: LHB José Costa 0-0: Foul Ball, location: 2F
0-1: Called Strike
0-2: Ball
1-2: Ball
2-2: Strikes out swinging
Top of the 3rd over - 0 run(s), 2 hit(s), 0 error(s), 2 left on base; Columbia 0 - Lee's Summit 0
BOTTOM OF THE 3RD
Lee's Summit Tigers batting - Pitching for Columbia 08s : LHP Mike Stevens
Batting: RHB Doug Delaney 0-0: Called Strike
0-1: Swinging Strike
0-2: Ground out 6-3 (Groundball, 6)
Batting: RHB Norberto Taváres 0-0: Foul Ball, location: 2F
0-1: Foul Ball, location: 2F
0-2: Foul Ball, location: 2F
0-2: Ball
1-2: Strikes out looking
Batting: LHB Cipriano Cruz 0-0: Swinging Strike
0-1: Ball
1-1: SINGLE (Groundball, 6MD)
Batting: RHB Andrés Lara 0-0: Called Strike
0-1: Ball
1-1: Fly out, F3 (Popup, 3)
Bottom of the 3rd over - 0 run(s), 1 hit(s), 0 error(s), 1 left on base; Columbia 0 - Lee's Summit 0
TOP OF THE 4TH
Columbia 08s batting - Pitching for Lee's Summit Tigers : LHP Anthony Erickson
Batting: RHB Barton Frazier 0-0: Ball
1-0: Called Strike
1-1: Ball
2-1: Foul Ball, location: 2F
2-2: Ball
3-2: Foul Ball, location: 2F
3-2: Ground out 5-3 (Groundball, 56S)
Batting: SHB Roberto Rivera 0-0: SINGLE (Line Drive, 6MD)
Batting: RHB Felipe Rodríguez 0-0: Foul Ball, location: 2F
0-1: Ball
1-1: Swinging Strike
1-2: Ball
2-2: Strikes out swinging
Batting: LHB Brock Larsen 0-0: Ball
1-0: Called Strike
1-1: Ball
2-1: SINGLE (Line Drive, 34D)
Roberto Rivera to second
Runner from 2nd tries for 3rd, SAFE, no throw or cutoff
Batting: RHB Luis Maldonado 0-0: Ball
1-0: Ball
2-0: Called Strike
2-1: Fly out, F7 (Flyball, 78M)
Top of the 4th over - 0 run(s), 2 hit(s), 0 error(s), 2 left on base; Columbia 0 - Lee's Summit 0
BOTTOM OF THE 4TH
Lee's Summit Tigers batting - Pitching for Columbia 08s : LHP Mike Stevens
Batting: SHB Martín Medina 0-0: Ground out 1-3 (Groundball, 25)
Batting: RHB Ed Watkins 0-0: Ball
1-0: Ball
2-0: Called Strike
2-1: Ball
3-1: Swinging Strike
3-2: Base on Balls
Batting: LHB Juan Hinojosa 0-0: SINGLE (Flyball, 78S)
Ed Watkins to second
Batting: RHB Carlos Flores 0-0: Ball
1-0: Ball
2-0: Ball
3-0: Called Strike
3-1: Called Strike
3-2: Base on Balls
Ed Watkins to third
Juan Hinojosa to second
Batting: SHB Francisco Ávila 0-0: Ball
1-0: Swinging Strike
1-1: Swinging Strike
1-2: Ball
2-2: Ground out 5-3 (Groundball, 56S)
Ed Watkins scores
Juan Hinojosa to third
Carlos Flores to second
Batting: RHB Doug Delaney 0-0: Swinging Strike
0-1: Ball
1-1: Swinging Strike
1-2: Strikes out swinging
Bottom of the 4th over - 1 run(s), 1 hit(s), 0 error(s), 2 left on base; Columbia 0 - Lee's Summit 1
TOP OF THE 5TH
Columbia 08s batting - Pitching for Lee's Summit Tigers : LHP Anthony Erickson
Batting: RHB Vic Langlois 0-0: Called Strike
0-1: Ball
1-1: Ball
2-1: Foul Ball, location: 2F
2-2: Foul Ball, location: 2F
2-2: Strikes out swinging
Batting: RHB Ryosei Yamamoto 0-0: Ball
1-0: Ball
2-0: Foul Ball, location: 2F
2-1: Called Strike
2-2: Foul Ball, location: 2F
2-2: Foul Ball, location: 2F
2-2: Foul Ball, location: 2F
2-2: Strikes out swinging
Batting: RHB Ichizo Akiyama 0-0: Ball
1-0: Called Strike
1-1: Swinging Strike
1-2: Ball
2-2: Ball
3-2: Foul Ball, location: 2F
3-2: Foul Ball, location: 2F
3-2: Ground out 6-3 (Groundball, 56)
Top of the 5th over - 0 run(s), 0 hit(s), 0 error(s), 0 left on base; Columbia 0 - Lee's Summit 1
BOTTOM OF THE 5TH
Lee's Summit Tigers batting - Pitching for Columbia 08s : LHP Mike Stevens
Batting: RHB Norberto Taváres 0-0: Called Strike
0-1: Ball
1-1: Ball
2-1: SINGLE (Line Drive, 34D)
Batting: LHB Cipriano Cruz 0-0: Foul Ball, location: 2F
0-1: Ball
1-1: Ball
2-1: Ball
Wild Pitch!
Norberto Taváres to second
3-1: Base on Balls
Batting: RHB Andrés Lara 0-0: Called Strike
0-1: Ball
1-1: SINGLE (Flyball, 78M)
Norberto Taváres to third
Cipriano Cruz to second
Runner from 3rd tries for Home, SAFE, no throw or cutoff
Batting: SHB Martín Medina 0-0: 3-RUN HOME RUN (Flyball, 89XD), Distance : 362 ft
Batting: RHB Ed Watkins 0-0: Foul Ball, location: 2F
0-1: Ball
1-1: SOLO HOME RUN (Flyball, 7D), Distance : 361 ft
Batting: LHB Juan Hinojosa 0-0: Swinging Strike
0-1: SINGLE (Flyball, 89S)
Batting: RHB Carlos Flores 0-0: Foul Ball, location: 2F
0-1: Swinging Strike
0-2: Ball
1-2: Ball
2-2: SINGLE (Line Drive, 56)
Juan Hinojosa to second
Pitching: LHP Héctor Díaz
Batting: SHB Francisco Ávila 0-0: Ball
1-0: Ball
2-0: Fly out, F3 (Popup, 3F)
Batting: RHB Doug Delaney 0-0: Ball
Wild Pitch!
Juan Hinojosa to third
Carlos Flores to second
1-0: Ball
2-0: Foul Ball, location: 2F
2-1: Ball
3-1: Foul Ball, location: 2F
3-2: Ground out 1-3 (Groundball, 13S)
Batting: RHB Norberto Taváres 0-0: Ball
1-0: Ball
2-0: Ground out 4-3 (Groundball, 34D)
Bottom of the 5th over - 5 run(s), 6 hit(s), 0 error(s), 2 left on base; Columbia 0 - Lee's Summit 6
TOP OF THE 6TH
Columbia 08s batting - Pitching for Lee's Summit Tigers : LHP Anthony Erickson
Pitching: RHP Reginaldo Coscia
Batting: LHB José Costa 0-0: Ball
1-0: Foul Ball, location: 2F
1-1: Ball
2-1: Ball
3-1: Base on Balls
Batting: RHB Barton Frazier 0-0: Called Strike
José Costa steals 2nd base
0-1: Foul Ball, location: 2F
0-2: Ball
1-2: Ground out 6-3 (Groundball, 6)
Batting: SHB Roberto Rivera 0-0: Ball
1-0: Foul Ball, location: 2F
1-1: Ball
2-1: Ball
Passed Ball!
José Costa to third
3-1: Base on Balls
Batting: RHB Felipe Rodríguez 0-0: Ball
1-0: Ball
2-0: Ball
3-0: Called Strike
3-1: Base on Balls
Roberto Rivera to second
Batting: LHB Brock Larsen 0-0: Ball
1-0: Foul Ball, location: 2F
1-1: Swinging Strike
1-2: Ball
2-2: Strikes out swinging
Batting: RHB Luis Maldonado 0-0: Ball
1-0: DOUBLE (Line Drive, 9LM)
José Costa scores
Roberto Rivera scores
Felipe Rodríguez to third
Runner from 3rd tries for Home, SAFE, throw made home
Pitching: RHP Tom Long
Batting: RHB Vic Langlois 0-0: Called Strike
0-1: Called Strike
0-2: Foul Ball, location: 2F
0-2: Strikes out swinging
Top of the 6th over - 3 run(s), 1 hit(s), 0 error(s), 1 left on base; Columbia 3 - Lee's Summit 6
BOTTOM OF THE 6TH
Lee's Summit Tigers batting - Pitching for Columbia 08s : LHP Héctor Díaz
Batting: LHB Cipriano Cruz 0-0: Ground out 4-3 (Groundball, 4)
Batting: RHB Andrés Lara 0-0: Ball
1-0: Fly out, F9 (Flyball, 89XD)
Batting: SHB Martín Medina 0-0: Swinging Strike
0-1: Foul Ball, location: 2F
0-2: Foul Ball, location: 2F
0-2: Ball
1-2: Ball
2-2: Ball
3-2: Base on Balls
Batting: RHB Ed Watkins 0-0: Called Strike
0-1: Fielders Choice at 2nd, U6 (Groundball, 6M)
Bottom of the 6th over - 0 run(s), 0 hit(s), 0 error(s), 1 left on base; Columbia 3 - Lee's Summit 6
TOP OF THE 7TH
Columbia 08s batting - Pitching for Lee's Summit Tigers : RHP Tom Long
Batting: RHB Ryosei Yamamoto 0-0: Called Strike
0-1: Ball
1-1: Called Strike
1-2: Ball
2-2: Strikes out swinging
Batting: RHB Ichizo Akiyama 0-0: Ball
1-0: Foul Ball, location: 2F
1-1: Foul Ball, location: 2F
1-2: Fly out, F7 (Flyball, 7M)
Batting: LHB José Costa 0-0: Ball
1-0: Called Strike
1-1: Ball
2-1: Ball
3-1: Base on Balls
Batting: RHB Barton Frazier 0-0: Ball
1-0: Ball
2-0: Foul Ball, location: 2F
2-1: Foul Ball, location: 2F
2-2: Strikes out swinging
Top of the 7th over - 0 run(s), 0 hit(s), 0 error(s), 1 left on base; Columbia 3 - Lee's Summit 6
BOTTOM OF THE 7TH
Lee's Summit Tigers batting - Pitching for Columbia 08s : LHP Héctor Díaz
Batting: LHB Juan Hinojosa 0-0: Ground out 4-3 (Groundball, 4M)
Pitching: RHP Brad Sharpe
Batting: RHB Carlos Flores 0-0: Fly out, F3 (Popup, 3F)
Batting: SHB Francisco Ávila 0-0: Fly out, F9 (Line Drive, 9M)
Bottom of the 7th over - 0 run(s), 0 hit(s), 0 error(s), 0 left on base; Columbia 3 - Lee's Summit 6
TOP OF THE 8TH
Columbia 08s batting - Pitching for Lee's Summit Tigers : RHP Tom Long
Now at 3B: António Gonzáles
Batting: SHB Roberto Rivera 0-0: Swinging Strike
0-1: Ball
1-1: Foul Ball, location: 2F
1-2: Strikes out swinging
Batting: RHB Felipe Rodríguez 0-0: Foul Ball, location: 2F
0-1: Ball
1-1: Foul Ball, location: 2F
1-2: Strikes out swinging
Batting: LHB Brock Larsen 0-0: Foul Ball, location: 2F
0-1: Ball
1-1: Foul Ball, location: 2F
1-2: Strikes out looking
Top of the 8th over - 0 run(s), 0 hit(s), 0 error(s), 0 left on base; Columbia 3 - Lee's Summit 6
BOTTOM OF THE 8TH
Lee's Summit Tigers batting - Pitching for Columbia 08s : RHP Brad Sharpe
Batting: RHB Doug Delaney 0-0: Ground out 6-3 (Groundball, 56)
Batting: RHB Norberto Taváres 0-0: Ball
1-0: Swinging Strike
1-1: Ground out 4-3 (Groundball, 4)
Batting: LHB Cipriano Cruz 0-0: Foul Ball, location: 2F
0-1: SINGLE (Flyball, 78M)
Batting: RHB Andrés Lara 0-0: Called Strike
0-1: Ball
1-1: Ball
2-1: Foul Ball, location: 2F
2-2: Ball
3-2: Fly out, F5 (Line Drive, 5)
Bottom of the 8th over - 0 run(s), 1 hit(s), 0 error(s), 1 left on base; Columbia 3 - Lee's Summit 6
TOP OF THE 9TH
Columbia 08s batting - Pitching for Lee's Summit Tigers : RHP Tom Long
Pitching: RHP Javier Pacheco
Now in CF: Pedro Ramírez
Batting: RHB Luis Maldonado 0-0: Ground out 4-3 (Groundball, 4M)
Batting: RHB Vic Langlois 0-0: Swinging Strike
0-1: Foul Ball, location: 2F
0-2: Ball
1-2: Strikes out swinging
Batting: RHB Ryosei Yamamoto 0-0: Ball
1-0: Ball
2-0: Ball
3-0: Called Strike
3-1: Foul Ball, location: 2F
3-2: Foul Ball, location: 2F
3-2: Fly out, F4 (Popup, 4)
Top of the 9th over - 0 run(s), 0 hit(s), 0 error(s), 0 left on base; Columbia 3 - Lee's Summit 6
This league is powered by Out of the Park Baseball, the baseball management simulation game for PC, Mac and Linux
Wednesday, December 2nd, 2015 - OOTP Baseball 16.8 Build 38